 Dungeon Crawl Stone Soup version 0.29-a0-474-gdfe5cd140f (webtiles) character file.

Game seed: 8235364483944240079

158 siradein the Skirmisher (level 5, -2/48 HPs)
             Began as a Ghoul Fighter on May 24, 2022.
             Slain by an orc
             ... wielding a +0 trident
              (6 damage)
             ... on level 3 of the Dungeon.
             The game lasted 00:06:36 (2541 turns).

siradein the Skirmisher (Ghoul Fighter)             Turns: 2541, Time: 00:06:37

Health: -2/48      AC: 10    Str: 22    XL:     5   Next: 40%
Magic:  4/4        EV:  7    Int:  3    God:
Gold:   209        SH:  4    Dex:  8    Spells: 4/4 levels left

rFire   . . .      SeeInvis .   a - +0 flail
rCold   + . .      Faith    .   c - +0 buckler
rNeg    + + +      Spirit   .   l - +0 chain mail
rPois   ∞          Reflect  .   (no helmet)
rElec   .          Harm     .   n - +0 cloak
rCorr   .          Rampage  .   (no gloves)
Will    .....                   (no boots)
Stlth   ..........              (no amulet)
HPRegen 0.00/turn               (no ring)
MPRegen 0.09/turn               (no ring)

@: inhibited regen
A: claws 1, cold resistance 1, negative energy resistance 3, inhibited
regeneration, torment resistance 2, devour on kill
a: no special abilities


You were on level 3 of the Dungeon.
You visited 1 branch of the dungeon, and saw 3 of its levels.

You collected 209 gold pieces.

Inventory:

Hand Weapons
 a - a +0 flail (weapon)
Missiles
 i - 12 poisoned darts (quivered)
Armour
 c - a +0 buckler (worn)
 l - a +0 chain mail (worn)
 n - a +0 cloak (worn)
Wands
 q - a wand of acid (8)
Scrolls
 b - a scroll of poison {unknown}
 f - 2 scrolls of magic mapping {unknown}
 g - 2 scrolls of teleportation {unknown}
 j - 2 scrolls of torment {unknown}
 k - 2 scrolls of identify {unknown}
 m - a scroll of noise {unknown}
Potions
 d - a potion of might
 e - 3 potions of flight {unknown}
 h - 2 potions of heal wounds {unknown}
 o - a potion of cancellation {unknown}
 p - 2 potions of lignification {unknown}
 r - a potion of mutation {unknown}


   Skills:
 + Level 5.1 Fighting
 + Level 3.7 Maces & Flails
 - Level 2.6 Armour
 - Level 2.6 Shields


You had 4 spell levels left.
You didn't know any spells.
Your spell library was empty.

Dungeon Overview and Level Annotations

Branches:
Dungeon (3/15)

Altars:
Vehumet


Innate Abilities, Weirdness & Mutations

You are immune to poison.
You have sharp fingernails.
Your flesh is cold resistant. (rC+)
You are immune to negative energy. (rN+++)
You do not regenerate when monsters are visible.
You are immune to unholy pain and torment.
You thrive by killing the living.


Message History

The orc closely misses you. The orc hits you but does no damage.
You barely miss the orc.
The orc is moderately wounded.
The orc barely misses you. You block the orc's attack.
The orc hits you from afar with a +0 trident.
The orc hits you but does no damage.
You sock the orc!
You kill the orc!
You feel better.
The orc hits you from afar with a +0 trident.
* * * LOW HITPOINT WARNING * * *
The orc closely misses you.
Items here: ))) [.
You hit the orc.
The orc is moderately wounded.
You block the orc's attack.
You hit the orc but do no damage.
The orc is moderately wounded.
The orc hits you with a +0 trident.
* * * LOW HITPOINT WARNING * * *
You closely miss the orc.
The orc is moderately wounded.
The orc hits you but does no damage. You block the orc's attack.
You barely miss the orc.
The orc is moderately wounded.
The orc barely misses you.
You hit the orc but do no damage.
The orc is moderately wounded.
The orc hits you but does no damage.
You hit the orc.
The orc is severely wounded.
The orc hits you with a +0 trident.
* * * LOW HITPOINT WARNING * * *
You barely miss the orc.
The orc is severely wounded.
The orc closely misses you.
You hit the orc but do no damage.
The orc is severely wounded.
The orc hits you but does no damage. The orc hits you with a +0 trident.
You die...

##### #...# #...# .#+##
#...#
......##########...#
<......o@........########
#.....#######........#...
..... #....###.#.## #...
#....#...#... #.o
#....#.#####. #.
#....#....... #
#....#.#####†
#....#...#.†.
########.#.##


You could see an orc.

Vanquished Creatures
  An orc wizard (D:3)
  A gnoll (D:1)
  4 adders
  A worm (D:2)
  2 dart slugs
  4 orcs (D:3)
  6 ball pythons
  5 endoplasms (D:2)
  2 giant cockroaches
  7 goblins
  8 hobgoblins
  8 jackals (D:1)
  6 kobolds
  2 quokkas (D:1)
  10 bats
  3 frilled lizards
  2 rats (D:1)
72 creatures vanquished.

Vanquished Creatures (others)
  3 demonic plants (D:1)
  A fungus (D:1)
  A withered plant (D:1)
5 creatures vanquished.

Grand Total: 77 creatures vanquished

Notes
Turn   | Place    | Note
-------+----------+-------------------------------------------
     0 | D:1      | siradein the Ghoul Fighter began the quest for the Orb.
     0 | D:1      | Reached XP level 1. HP: 19/19 MP: 0/0
   109 | D:1      | Reached XP level 2. HP: 19/26 MP: 1/1
   522 | D:1      | Reached XP level 3. HP: 33/33 MP: 2/2
   535 | D:1      | Reached skill level 4 in Fighting
   679 | D:1      | Found a faded altar of an unknown god.
  1081 | D:2      | Reached XP level 4. HP: 38/41 MP: 3/3
  1589 | D:2      | Found a radiant altar of Vehumet.
  1684 | D:2      | Identified the +2 robe of Ysodumn {Stlth+}
  2296 | D:3      | Reached XP level 5. HP: 47/47 MP: 4/4
  2530 | D:3      | Reached skill level 5 in Fighting
  2541 | D:3      | Slain by an orc

Illustrated notes

Levels and vault maps discovered:
D:1:      grunt_arrival_crossed_arrows, layout_basic,
          shapermc_ecumenical_altar_gd
D:2:      layout_loops_corners, basic_altar
D:3:      layout_basic, chequers_serial_rivers_micro_e,
          minmay_misc_feat_ornament

Skill      XL: |  1  2  3  4  5 |
---------------+----------------+-----
Maces & Flails | 2 3 |  3.7
Fighting       | 4 5 |  5.1
Armour         | |  2.6
Shields        | |  2.6

Action                   |  1- 3 |  4- 6 || total
-------------------------+-------+-------++-------
Melee: Flail             |   135 |   127 ||   262
Armor: Scale mail        |    47 |       ||    47
       Chain mail        |    14 |    66 ||    80
Dodge: Dodged            |    75 |    37 ||   112
Block: Buckler           |    32 |    11 ||    43

Table legend: (Time is in decaauts)
 A = Elapsed time spent in this place.
 B = Non-inter-level travel time spent in this place.
 C = Inter-level travel time spent in this place.
 D = Time resting spent in this place.
 E = Time spent auto-exploring this place.
 F = Levels seen in this place.
 G = Mean time per level.
                   A        B        C        D        E       F      G
               +--------+--------+--------+--------+--------+-----+--------+
         Total |   2619 |   2590 |     29 |      0 |   1938 |   3 |  873.0 |
       Dungeon |   2619 |   2590 |     29 |      0 |   1938 |   3 |  873.0 |
               +--------+--------+--------+--------+--------+-----+--------+

Top non-repeatable levels by time:
     D:1: 1072 daAuts
     D:2: 1034 daAuts
     D:3: 512 daAuts
